AoeStats
← ptr0000

Arabia

509658742Analyzed
2v2 RM · 5d ago on Sep 27, 2026· 54m 2s· 4 players
Game mode
Random Map
Map size
Medium (4 player)
Population
200
Speed
Normal
Resources
Standard
Victory
Conquest
Starting age
Dark Age
Ending age
Imperial Age
RankedLock teamsTeams togetherTeam positionsShared explorationLock speedFull tech treeHidden civsTurbo modeCheats
Victory
Defeat
🇪🇸 Mongols · Spain
1173
+19
🇨🇭 Ethiopians · Switzerland
1157
+19
🇪🇸 Saracens · Spain
1241
-19
🇪🇸 Ethiopians · Spain
1241
-19
thepeiru
3:15 Loom
3:25 Loom
9:39 Feudal Age
12:20 Double-Bit Axe
19:30 Castle Age
18:34 Scale Barding Armor
18:40 Forging
20:30 Horse Collar
21:28 Bloodlines
25:50 Chain Barding Armor
27:31 Iron Casting
29:17 Wheelbarrow
28:27 Town Watch
35:40 Hand Cart
38:01 Imperial Age
35:24 Fletching
35:34 Padded Archer Armor
35:52 Thumb Ring
36:54 Bodkin Arrow
37:20 Leather Archer Armor
38:45 Bracer
39:46 Blast Furnace
39:36 Gold Mining
39:58 Bow Saw
40:10 Heavy Cavalry Archer
42:31 Husbandry
44:00 Parthian Tactics
44:45 Ballistics
43:54 Capped Ram
47:12 Siege Ram
48:09 Heavy Camel Rider
52:04 Gold Shaft Mining
51:19 Stone Mining
ptr0000
7:53 Loom
9:52 Feudal Age
10:59 Double-Bit Axe
14:08 Fletching
14:21 Padded Archer Armor
18:05 Fletching
24:55 Castle Age
25:01 Elite Skirmisher
25:50 Thumb Ring
25:42 Bodkin Arrow
26:02 Leather Archer Armor
26:17 Crossbowman
31:48 Bow Saw
33:28 Wheelbarrow
32:38 Town Watch
33:46 Horse Collar
38:38 Heavy Plow
40:08 Hand Cart
43:01 Ballistics
45:37 Imperial Age
43:47 Scale Mail Armor
43:59 Forging
46:31 Bracer
47:01 Ring Archer Armor
46:47 Chain Mail Armor
47:07 Iron Casting
45:54 Arbalester
49:05 Two-Man Saw
49:43 Chemistry
50:40 Heavy Scorpion
52:23 Elite Shotel Warrior
Ganathor-Man
6:53 Loom
8:51 Feudal Age
7:36 Loom
9:23 Double-Bit Axe
20:08 Castle Age
18:33 Horse Collar
19:08 Gold Mining
21:19 Scale Barding Armor
26:01 Bow Saw
26:15 Bloodlines
26:16 Husbandry
27:43 Forging
31:51 Wheelbarrow
31:05 Town Watch
31:46 Chain Barding Armor
32:01 Iron Casting
34:46 Light Cavalry
39:20 Imperial Age
41:43 Conscription
40:57 Hussar
43:23 Plate Barding Armor
42:52 Stone Mining
Quatus
7:26 Loom
9:42 Feudal Age
10:19 Double-Bit Axe
15:18 Fletching
22:28 Castle Age
21:30 Double-Bit Axe
22:39 Padded Archer Armor
22:44 Crossbowman
23:42 Bodkin Arrow
31:32 Horse Collar
34:58 Wheelbarrow
34:54 Bow Saw
35:41 Thumb Ring
42:15 Imperial Age
41:02 Leather Archer Armor
42:11 Wheelbarrow
42:18 Arbalester
43:38 Conscription
44:48 Ring Archer Armor
44:20 Bracer
44:43 Ballistics
45:52 Onager
53:13 Hand Cart
Connection lost

Rejoining the realm…

Still unreachable

The connection could not be restored.

Session expired

The server has moved on; the page needs a fresh start.